 Dungeon Crawl Stone Soup version 0.27.1-3-gb3d3a73c9e (webtiles) character file.

Game seed: 11126575429563310293

82 Descartes the Shield-Bearer (level 4, -4/35 HPs)
             Began as a Formicid Fighter on Oct 24, 2021.
             Slain by a gnoll (11 damage)
             ... on level 2 of the Dungeon.
             The game lasted 00:01:16 (942 turns).

Descartes the Shield-Bearer (Formicid Fighter)       Turns: 942, Time: 00:01:17

Health: -4/35      AC:  8    Str: 21    XL:     4   Next: 70%
Magic:  4/4        EV:  8    Int:  8    God:
Gold:   41         SH: 10    Dex: 10    Spells: 3/3 levels left

rFire    . . .     SeeInvis +   a - +0 war axe
rCold    . . .     Faith    .   c - +0 kite shield
rNeg     . . .     Spirit   .   b - +0 scale mail
rPois    .         Reflect  .   (helmet unavailable)
rElec    .         Harm     .   (no cloak)
rCorr    .         Rampage  .   h - +0 pair of gloves
Will     .....                  (no boots)
Stlth    ..........             (no amulet)
HPRegen  0.11/turn              (no ring)
MPRegen  0.09/turn              (no ring)

@: no status effects
A: permanent stasis, dig shafts and tunnels, antennae 3, four strong arms
a: Dig, Shaft Self


You were on level 2 of the Dungeon.
You visited 1 branch of the dungeon, and saw 2 of its levels.

You collected 41 gold pieces.

Inventory:

Hand Weapons
 a - a +0 war axe (weapon)
Armour
 b - a +0 scale mail (worn)
 c - a +0 kite shield (worn)
 h - a +0 pair of gloves (worn)
Jewellery
 f - a ring of ice
Scrolls
 e - a scroll of fear {unknown}
Potions
 d - a potion of might
 g - a potion of curing {unknown}


   Skills:
 - Level 3.2 Fighting
 - Level 2.0 Axes
 - Level 3.2 Armour
 + Level 6.2 Shields


You had 3 spell levels left.
You didn't know any spells.
Your spell library contained the following spells:

 Spells                   Type           Power      Damage    Failure   Level
 Gell's Gravitas          Tloc           0%         N/A       100%        3
 Teleport Other           Tloc           0%         N/A       100%        3
 Dispersal                Tloc           0%         N/A       100%        6


Dungeon Overview and Level Annotations

Branches:
Dungeon (2/15)

Altars:


Innate Abilities, Weirdness & Mutations

You cannot be hasted, slowed, berserked, paralysed or teleported.
You can dig through walls and to a lower floor.
You have a pair of large antennae on your head. (SInv)
Your four strong arms can wield two-handed weapons with a shield.


Message History

The gnoll hits you but does no damage.
A gnoll comes into view. It is wielding a +0 flail.
You block the ball python's attack. The ball python constricts you.
The gnoll hits you but does no damage. x3; The gnoll moves out of view.
You hit the ball python.
You kill the ball python!
You hit the gnoll. x2
You kill the gnoll!
You block the gnoll's attack. The gnoll hits you but does no damage.
Unknown command.
The gnoll shouts!
You hit the gnoll.
The gnoll is heavily wounded.
The gnoll closely misses you. You block the gnoll's attack.
The gnoll hits you but does no damage. You block the gnoll's attack.
You hit the gnoll.
The gnoll is severely wounded.
The gnoll closely misses you. The gnoll hits you with a +0 whip.
You block the gnoll's attack. The gnoll barely misses you.
You completely miss the gnoll. The gnoll hits you but does no damage.
The gnoll hits you with a +0 halberd!
* * * LOW HITPOINT WARNING * * *
You hit the gnoll.
The gnoll is lightly wounded.
You block the gnoll's attack.
You slash the gnoll!
You kill the gnoll!
You block the gnoll's attack.
Your Shields skill increases to level 6!
You closely miss the gnoll.
The gnoll is severely wounded.
The gnoll hits you with a +0 whip.
* * * LOW HITPOINT WARNING * * *
You hit the gnoll.
You kill the gnoll!
You closely miss the gnoll. The gnoll hits you with a +0 flail.
* * * LOW HITPOINT WARNING * * *
The gnoll hits you with a +0 flail!
You die...

##.#..........#
#..#####...##..## ##.##
#.#..##.... #..#
#..#....... #.##
##.......# #. ##.#
#.......##.. ##..#
#.........?#
####..#########...........
#.....)....@g.............
#.........#####.........#.
#.........# #............
#.........# #.###.)##...
####...#### #. #††# #.#.#
#. ..... #..#.# ..
........ ...##..
.....##...... .## ## ....
[...#.


You could see a gnoll.

Vanquished Creatures
  4 gnolls
  5 ball pythons
  5 endoplasms
  2 goblins (D:1)
  7 hobgoblins
  4 jackals (D:2)
  2 quokkas
  3 bats (D:1)
  A frilled lizard (D:1)
  A kobold (D:2)
  6 rats
40 creatures vanquished.

Notes
Turn   | Place    | Note
-------+----------+-------------------------------------------
     0 | D:1      | Descartes the Formicid Fighter began the quest for the Orb.
     0 | D:1      | Reached XP level 1. HP: 18/18 MP: 1/1
    80 | D:1      | Reached skill level 4 in Shields
    86 | D:1      | Reached XP level 2. HP: 14/24 MP: 2/2
   500 | D:1      | Reached XP level 3. HP: 29/29 MP: 3/3
   507 | D:1      | Reached skill level 5 in Shields
   916 | D:2      | Reached XP level 4. HP: 34/35 MP: 4/4
   940 | D:2      | Reached skill level 6 in Shields
   942 | D:2      | Slain by a gnoll

Illustrated notes

Levels and vault maps discovered:
D:1:      heliophobic_arrival_enchanted_forest, layout_basic
D:2:      layout_rooms, dilly_ecumenical_altar_fadedgnrine, serial_shops,
          nicolae_shop_stone, shop, nicolae_shop_behind_doors, shop

Skill      XL: |  1  2  3  4 |
---------------+-------------+-----
Shields        | 4 5 6 |  6.2
Fighting       | |  3.2
Axes           | |  2.0
Armour         | |  3.2

Action                   |  1- 3 |  4- 6 || total
-------------------------+-------+-------++-------
Melee: War axe           |    70 |    16 ||    86
Armor: Scale mail        |    39 |    11 ||    50
Dodge: Dodged            |    35 |     8 ||    43
Block: Kite shield       |    52 |    18 ||    70
